Map: New Repugnancy LE

Players

Willy

  • Race: Zerg Zerg
  • League: Master
  • Spawn Location: 1:00

Mez - Winner!

  • Race: Terran Terran
  • League: Master
  • Spawn Location: 7:00

VOD

Have the link to the VOD?

Description

Time

  • Played on: Aug. 12, 2019, 7:36 a.m.
  • Length: 7:24
Show
View Real Time Build Order
Export as new Build Order

Willy Zerg 

Build Orders: Hatch First 

Get SALT Encoding   

  12  0:01  Drone  
  13  0:14  Overlord  
  13  0:19  Drone  
  14  0:32  Drone  
  14  0:33  Drone  
  16  0:41  Drone  
  17  0:52  Hatchery  
  17  0:56  Drone  
  18  1:10  Spawning Pool  
  16  1:14  Drone  
  17  1:19  Drone  
  18  1:40  Hatchery  
  17  1:58  Queen  
  19  2:04  Queen  
  19  2:07  Zergling x4  
  23  2:11  Overlord  
  23  2:17  Drone  
  23  2:19  Drone  
  23  2:22  Drone  
  26  2:38  Queen  
  26  2:40  Queen  
  30  2:49  Overlord  
  30  2:58  Drone x5  
  35  3:03  Drone x2  
  37  3:10  Extractor  
  37  3:11  Queen  
  38  3:28  Drone x7  
  38  3:29  Extractor  
  44  3:44  Drone x2  
  44  3:45  Drone x2  
  48  3:55  Spore Crawler  
  47  3:59  Drone x3  
  50  4:02  Overlord x2  
  50  4:03  Overlord  
  50  4:06  Spore Crawler  
  49  4:17  Drone  
  49  4:19  Metabolic Boost  
  50  4:26  Drone x3  
  50  4:27  Drone  
  54  4:33  Lair  
  54  4:38  Drone  
  54  4:39  Drone x7  
  54  4:40  Baneling Nest  
  27  5:29  Drone x2  
  27  5:30  Drone x16  
  45  5:45  Queen  
  45  5:53  Drone, Spore Crawler  
  45  5:54  Drone x3  
  47  6:12  Queen  
  49  6:27  Drone  
  49  6:28  Drone x11  
  61  6:41  Evolution Chamber  
  61  6:43  Evolution Chamber  
  61  6:44  Drone x2  
  61  6:45  Drone x3  
  61  6:46  Hatchery  
  63  7:05  Zergling x12  
Show
View Real Time Build Order
Export as new Build Order

Mez Terran - Winner!

Build Orders: Liberator Opening, Reaper Expand 

Get SALT Encoding   

  12  0:00  SCV  
  13  0:13  SCV  
  14  0:18  Supply Depot  
  14  0:25  SCV  
  15  0:40  SCV, Barracks  
  16  0:48  Refinery  
  16  0:52  SCV  
  17  1:04  SCV  
  18  1:16  SCV  
  19  1:30  Orbital Command  
  19  1:39  Command Center  
  19  1:46  Reaper  
  20  1:57  Supply Depot  
  20  1:58  SCV  
  21  2:10  SCV  
  22  2:17  Refinery  
  22  2:22  Factory  
  22  2:23  SCV  
  22  2:26  Barracks Reactor  
  23  2:36  SCV  
  25  2:57  Orbital Command  
  25  2:58  SCV  
  25  3:07  Starport  
  25  3:10  SCV  
  25  3:11  Hellion x2  
  30  3:15  Barracks Tech Lab  
  30  3:19  Supply Depot  
  30  3:22  SCV  
  30  3:23  SCV  
  32  3:29  Liberator  
  32  3:33  Hellion x2  
  36  3:34  SCV  
  36  3:37  SCV  
  37  3:45  Supply Depot  
  37  3:46  SCV  
  41  3:49  SCV  
  41  3:53  Stimpack  
  42  3:56  Hellion  
  42  3:57  Hellion  
  42  3:58  SCV  
  42  4:01  SCV  
  48  4:08  Supply Depot  
  48  4:10  SCV  
  48  4:15  Command Center  
  49  4:17  SCV  
  50  4:26  SCV  
  50  4:29  SCV  
  52  4:34  Starport Reactor  
  52  4:35  Barracks  
  52  4:36  Barracks, Factory Reactor  
  53  4:38  SCV  
  53  4:39  Supply Depot  
  53  4:41  Marine  
  54  4:49  SCV  
  54  4:50  SCV  
  56  4:53  Engineering Bay  
  56  4:57  Engineering Bay  
  52  5:21  Marine  
  52  5:30  SCV x2  
  52  5:31  Orbital Command  
  52  5:33  Refinery  
  52  5:34  Refinery  
  51  5:36  Medivac x2  
  51  5:37  Marine x2  
  51  5:39  Marine  
  51  5:41  Marine x2  
  60  5:47  Supply Depot, Factory Reactor  
  60  5:49  Supply Depot  
  60  5:52  SCV x2  
  60  5:54  Marine x2  
  60  5:55  Orbital Command  
  64  6:01  Marine x3  
  64  6:03  Supply Depot  
  65  6:04  SCV  
  64  6:12  Marine x2  
  64  6:18  SCV x2  
  68  6:19  Marine x3, Supply Depot  
  68  6:20  Supply Depot  
  71  6:30  SCV  
  71  6:32  SCV x2, Barracks  
  74  6:33  Barracks  
  74  6:41  Marine x5  
  74  6:45  SCV x2  
  81  6:49  Widow Mine x2  
  81  6:53  Medivac x2  
  89  6:54  SCV  
  89  6:57  SCV x2  
  89  6:59  Marine x2  
  89  7:00  Supply Depot  
  94  7:03  Supply Depot  
  94  7:07  SCV  
  98  7:09  SCV x2  
Tags
 
Add a new tag
Caveats
  • Supply blocks, unpowered buildings, or Contaminate may cause inaccurate times.
  • Supply counts are checked every 10 seconds.